 Dungeon Crawl Stone Soup version 0.21-a0-274-gc1afaeb (webtiles) character file.

206 motkurip the Poker (level 5, -8/38 HPs)
             Began as a Merfolk Skald on Sept 19, 2017.
             Was a Follower of Uskayaw.
             Killed by divine providence
             ... invoked by an orc priest
              (16 damage)
             ... on level 4 of the Dungeon.
             The game lasted 00:10:21 (1749 turns).

motkurip the Poker (Merfolk Skald)                  Turns: 1749, Time: 00:10:22

Health: -8/38      AC:  5    Str: 12    XL:     5   Next: 84%
Magic:  6/8        EV: 13    Int: 12    God:    Uskayaw [*.....]
Gold:   139        SH:  4    Dex: 14    Spells: 2/8 levels left

rFire    . . .     SeeInvis .   a - +0 spear
rCold    . . .     Gourm    .   (no shield)
rNeg     + . .     Faith    .   n - +2 robe {rN+}
rPois    .         Spirit   .   (no helmet)
rElec    .         Reflect  +   (no cloak)
rCorr    .         Harm     .   (no gloves)
MR       .....                  x - +0 pair of boots
Stlth    +.........             B - +4 amulet of reflection
HPRegen  0.12/turn              (no ring)
MPRegen  0.11/turn              (no ring)

@: no status effects
A: change form in water, swift swim, stealthy swim
a: Stomp, Renounce Religion


You were on level 4 of the Dungeon.
You worshipped Uskayaw.
Uskayaw was noncommittal.
You were hungry.

You visited 1 branch of the dungeon, and saw 4 of its levels.

You collected 139 gold pieces.

Inventory:

Hand Weapons
 a - a +0 spear (weapon)
 g - a +1 whip of draining
Missiles
 A - 3 steel javelins (quivered)
Armour
 b - a +0 leather armour
 e - a +0 robe
 n - a +2 robe of positive energy (worn)
 x - a +0 pair of boots (worn)
Jewellery
 s - an uncursed ring of ice
 B - a +4 amulet of reflection (around neck)
Scrolls
 f - a scroll of blinking {unknown}
 h - a scroll of noise {unknown}
 i - a scroll of teleportation {unknown}
 k - a scroll of immolation {unknown}
 l - 2 scrolls of enchant weapon {unknown}
 m - 2 scrolls of remove curse {unknown}
 o - a scroll of recharging {unknown}
 t - a scroll of random uselessness {unknown}
 w - 2 scrolls of enchant armour {unknown}
 y - 2 scrolls of identify {unknown}
Potions
 q - a potion of brilliance {unknown}
 u - a potion of curing {unknown}
 v - a potion of magic {unknown}
 z - a potion of invisibility {unknown}
Books
 c - a book of Battle

   Spells                             Type                      Level
   a - Infusion                       Charms                       1
   b - Shroud of Golubria             Charms/Translocation         2
   c - Song of Slaying                Charms                       2
   d - Spectral Weapon                Hexes/Charms                 3
   e - Regeneration                   Charms/Necromancy            3
 p - a book of Fire

   Spells                             Type                      Level
   a - Ignite Poison                  Fire/Transmutation/Poison    3
   b - Fireball                       Conjuration/Fire             5
   c - Bolt of Fire                   Conjuration/Fire             6
   d - Ring of Flames                 Charms/Fire                  7
   e - Ignition                       Fire                         8
Comestibles
 d - 3 bread rations
 j - 3 royal jellies
 r - a meat ration
 C - 4 chunks of flesh


   Skills:
 - Level 2.1 Fighting
 + Level 6.7 Polearms
 - Level 0.6 Armour
 - Level 2.6 Dodging
 - Level 2.0 Spellcasting
 - Level 2.1 Hexes
 + Level 4.3 Charms


You had 2 spell levels left.
You knew the following spells:

 Your Spells              Type           Power        Failure   Level  Hunger
a - Infusion              Chrm           ##..         4%          1    ##.....
b - Shroud of Golubria    Chrm/Tloc      #.........   17%         2    ###....
c - Spectral Weapon       Hex/Chrm       #.......     22%         3    ####...


Dungeon Overview and Level Annotations

Branches:
Dungeon (4/15)
 Temple: D:4-7

Altars:
Uskayaw
Xom
The Shining One


Message History

You hit the orc priest.
The orc priest is almost dead.
Your spectral weapon barely misses the orc priest.
The orc priest closely misses you.
You hit the orc priest but do no damage.
The orc priest is almost dead.
Your spectral weapon barely misses the orc priest.
The orc priest mumbles some strange prayers to Beogh against you.
Beogh smites you!
* * * LOW HITPOINT WARNING * * *
You hit the orc priest but do no damage.
The orc priest is almost dead.
Your spectral weapon hits the orc priest.
Unknown command.
You closely miss the orc priest.
The orc priest is almost dead.
Your spectral weapon hits the orc priest but does no damage.
The orc priest calls down the wrath of Beogh upon you.
Beogh smites you!
You die...

......###.#.#
%.†....##.#.#
..........#.#
.....%..#.#.#
...#+##.#.#.#
...#.#..#.#.#############
...+.....................
...#.#..#.#.####.########
...#.#..#.#.####@########
...#.#.........o(.......#
...#.######.####.######.#
####.......... #..#
..........#######.##
..........#.#####..#
..........#......#.#
..........+....#.#.#
..........#.##.#....


You could see an orc priest and a friendly spectral spear.

Vanquished Creatures
  A bullfrog (D:4)
  Jessica (D:2)
  2 adders
  An ooze (D:3)
  A dart slug (D:1)
  A leopard gecko (D:3)
  15 orcs
  2 ball pythons
  2 giant cockroaches
  8 goblins
  6 hobgoblins
  7 jackals
  5 bats
  3 frilled lizards
  8 kobolds
  3 rats
66 creatures vanquished.

Vanquished Creatures (others)
  5 dream sheep (D:4)
5 creatures vanquished.

Grand Total: 71 creatures vanquished

Notes
Turn   | Place    | Note
-------+----------+-------------------------------------------
     0 | D:1      | motkurip the Merfolk Skald began the quest for the Orb.
     0 | D:1      | Reached XP level 1. HP: 16/16 MP: 3/3
    83 | D:1      | Reached skill level 4 in Polearms
    83 | D:1      | Reached XP level 2. HP: 22/22 MP: 0/5
   331 | D:2      | Noticed Jessica
   338 | D:2      | Killed Jessica
   338 | D:2      | Reached skill level 5 in Polearms
   338 | D:2      | Reached XP level 3. HP: 8/27 MP: 1/6
   355 | D:2      | Learned a level 2 spell: Shroud of Golubria
   359 | D:2      | Learned a level 3 spell: Spectral Weapon
   563 | D:3      | Reached skill level 6 in Polearms
   626 | D:3      | Reached XP level 4. HP: 23/33 MP: 0/7
   735 | D:2      | Found a hide-covered altar of Uskayaw.
   743 | D:2      | Became a worshipper of Uskayaw the Reveler
   836 | D:2      | Found a glowing golden altar of the Shining One.
   934 | D:2      | Reached skill level 1 in Hexes
   992 | D:3      | Reached * piety under Uskayaw
  1010 | D:3      | Reached ** piety under Uskayaw
  1268 | D:3      | Reached XP level 5. HP: 24/38 MP: 1/8
  1684 | D:4      | Noticed a dream sheep
  1684 | D:4      | Noticed a dream sheep
  1684 | D:4      | Noticed a dream sheep
  1684 | D:4      | Noticed a dream sheep
  1684 | D:4      | Noticed a dream sheep
  1684 | D:4      | Found a shimmering altar of Xom.
  1689 | D:4      | Killed a dream sheep
  1689 | D:4      | Killed a dream sheep
  1689 | D:4      | Killed a dream sheep
  1689 | D:4      | Killed a dream sheep
  1690 | D:4      | Killed a dream sheep
  1749 | D:4      | Killed from afar by an orc priest

Vault maps used:
D:1:      mrwooster_arrival_statue_3
D:2:      cheibrodos_helix_gallery, lemuel_doored_altar,
          nicolae_tso_swordbearing_angel, first_bread, uniq_jessica
D:4:      makhleb_blood_cavern_becter, kb_xom_exploding_sheep

Skill      XL: |  1  2  3  4  5 |
---------------+----------------+-----
Polearms       | 4 5 6 |  6.7
Hexes          | 2 |  2.1
Charms         | 4 |  4.3
Fighting       | |  2.1
Armour         | |  0.6
Dodging        | |  2.6
Spellcasting   | |  2.0

Action                   |  1- 3 |  4- 6 || total
-------------------------+-------+-------++-------
Melee: Spear             |   106 |   127 ||   233
 Cast: Infusion          |     7 |       ||     7
       Shroud of Golubri |     3 |     3 ||     6
       Spectral Weapon   |       |    11 ||    11
 Stab: Sleeping          |     1 |       ||     1
  Eat: Chunk             |       |     5 ||     5
Armor: Robe              |    14 |    23 ||    37
Dodge: Dodged            |    42 |    54 ||    96
Block: Other             |       |     9 ||     9
       Reflection        |       |     1 ||     1

Table legend:
 A = Spawn XP
 B = Non-spawn XP
 C = Spawn XP percentage of total XP
 D = Spawn monster count
 E = Non-spawn monster count
 F = Spawn count percentage of total count
 G = Total turns spent on level
                    A         B        C        D         E        F      G
               +---------+---------+-------+---------+---------+-------+---------
         Total |       0 |     295 |   0.0 |       0 |      66 |   0.0 |  1749
               +---------+---------+-------+---------+---------+-------+---------
           D:1 |       0 |      31 |   0.0 |       0 |      17 |   0.0 |   331
           D:2 |       0 |      62 |   0.0 |       0 |       9 |   0.0 |   477
           D:3 |       0 |      95 |   0.0 |       0 |      34 |   0.0 |   690
           D:4 |       0 |     107 |   0.0 |       0 |       6 |   0.0 |   251
               +---------+---------+-------+---------+---------+-------+---------
